TOP OF THE 1ST |
University of Georgia Bulldogs batting - Pitching for California State University at Fullerton Titans : LHP Antonio Velazquez
|
Pitching: LHP Antonio Velazquez
|
|
Batting: RHB Ivan Barrientos
|
0-0: Called Strike 0-1: Ball 1-1: SINGLE (Groundball, 5S, EV 68.1 MPH) (infield hit)
|
Batting: RHB Pedro Gonzalez
|
0-0: Ball 1-0: Foul Ball, location: 2F 1-1: Ball 2-1: Swinging Strike 2-2: Ball 3-2: Base on Balls Ivan Barrientos to second
|
Batting: RHB Terry Oetker
|
0-0: Called Strike 0-1: Ball 1-1: Fielders Choice at 2nd, 4-6 (Groundball, 4S, EV 92.5 MPH) Ivan Barrientos to third
|
Batting: LHB Justin Daley
|
0-0: Ball 1-0: Foul Ball, location: 2F 1-1: Ball 2-1: SINGLE (Groundball, 34D, EV 94.4 MPH) Ivan Barrientos scores Terry Oetker to second Runner from 2nd tries for 3rd, OUT! 9-5 Justin Daley to second
|
Batting: RHB Homer Petropoulos
|
0-0: Ball 1-0: Foul Ball, location: 2F 1-1: Reached on error, E3 (Groundball, 34S, EV 90.6 MPH) Justin Daley to third
|
Batting: RHB Armando Ramirez
|
0-0: Ball 1-0: Swinging Strike 1-1: Ground out 5-3 (Groundball, 5L, EV 91.9 MPH)
|
Top of the 1st over - 1 run, 2 hits, 1 error, 2 left on base; University of Georgia 1 - California State University at Fullerton 0 |
BOTTOM OF THE 1ST |
California State University at Fullerton Titans batting - Pitching for University of Georgia Bulldogs : RHP Dan Jenkins
|
Pitching: RHP Dan Jenkins
|
|
Batting: LHB Zachery Ballard
|
0-0: SINGLE (Flyball, 89S, EV 94.4 MPH)
|
Batting: LHB Wing-tat Tai
|
0-0: Fly out, F3 (Popup, 3L, EV 61.2 MPH)
|
Batting: RHB Wan-ling Zhu
|
0-0: Ball 1-0: Called Strike 1-1: Ball 2-1: Ball Wild Pitch! Zachery Ballard to second 3-1: Called Strike 3-2: Foul Ball, location: 2F 3-2: Base on Balls
|
Batting: LHB Mike Fielden
|
0-0: Foul Ball, location: 2F 0-1: 3-RUN HOME RUN (Flyball, 9D, EV 98.8 MPH), Distance : 362 ft
|
Batting: LHB George Last
|
0-0: Ball 1-0: Ball 2-0: Ball 3-0: Called Strike 3-1: Swinging Strike 3-2: Base on Balls
|
Batting: LHB Xue-liang Zhou
|
0-0: Ball 1-0: Ball 2-0: Called Strike 2-1: Fielders Choice at 2nd, 4-6 (Groundball, 4, EV 85.6 MPH)
|
Batting: SHB Dave Ramirez
|
0-0: Called Strike 0-1: Swinging Strike 0-2: SINGLE (Line Drive, 78M, EV 88.1 MPH) Xue-liang Zhou to second
|
Batting: LHB Walt van der Rest
|
0-0: Ball 1-0: Ground out U3 (Groundball, 3, EV 90.0 MPH)
|
Bottom of the 1st over - 3 runs, 3 hits, 0 errors, 2 left on base; University of Georgia 1 - California State University at Fullerton 3 |
TOP OF THE 2ND |
University of Georgia Bulldogs batting - Pitching for California State University at Fullerton Titans : LHP Antonio Velazquez
|
Batting: RHB Jose Garibay
|
0-0: Called Strike 0-1: Fly out, F2 (Popup, 23F, EV 80.6 MPH)
|
Batting: RHB Luis Chavez
|
0-0: Foul Ball, location: 2F 0-1: Ground out 5-3 (Groundball, 56S, EV 82.5 MPH)
|
Batting: LHB Jesus Huante
|
0-0: Foul Ball, location: 2F 0-1: Foul Ball, location: 2F 0-2: Ground out 6-3 (Groundball, 6, EV 85.0 MPH)
|
Top of the 2nd over - 0 runs, 0 hits, 0 errors, 0 left on base; University of Georgia 1 - California State University at Fullerton 3 |
BOTTOM OF THE 2ND |
California State University at Fullerton Titans batting - Pitching for University of Georgia Bulldogs : RHP Dan Jenkins
|
Batting: SHB Albert Cruz
|
0-0: Ball 1-0: Ball 2-0: Foul Ball, location: 2F 2-1: SINGLE (Flyball, 8LS, EV 90.6 MPH)
|
Batting: LHB Zachery Ballard
|
0-0: Fielders Choice at 2nd, 3-6 (Groundball, 34, EV 83.1 MPH)
|
Batting: LHB Wing-tat Tai
|
0-0: Ball Wild Pitch! Zachery Ballard to second 1-0: Ball 2-0: SINGLE (Groundball, 34D, EV 96.2 MPH) Zachery Ballard to third
|
Batting: RHB Wan-ling Zhu
|
0-0: Swinging Strike 0-1: Foul Ball, location: 2F 0-2: Foul Ball, location: 2F 0-2: Foul Ball, location: 2F 0-2: Ball 1-2: Strikes out swinging
|
Batting: LHB Mike Fielden
|
0-0: Called Strike 0-1: 3-RUN HOME RUN (Flyball, 9D, EV 95.6 MPH), Distance : 382 ft
|
Batting: LHB George Last
|
0-0: SINGLE (Groundball, 6M, EV 95.0 MPH)
|
Pitching: RHP Angel Bermudez
|
|
Batting: LHB Xue-liang Zhou
|
0-0: Ball 1-0: Ball 2-0: Swinging Strike 2-1: Ball 3-1: Base on Balls George Last to second
|
Batting: SHB Dave Ramirez
|
0-0: Ground out U3 (Groundball, 34, EV 101.2 MPH)
|
Bottom of the 2nd over - 3 runs, 4 hits, 0 errors, 2 left on base; University of Georgia 1 - California State University at Fullerton 6 |
TOP OF THE 3RD |
University of Georgia Bulldogs batting - Pitching for California State University at Fullerton Titans : LHP Antonio Velazquez
|
Batting: RHB Ivan Barrientos
|
0-0: Ground out 1-3 (Groundball, 34S, EV 63.8 MPH)
|
Batting: RHB Pedro Gonzalez
|
0-0: Ball 1-0: Foul Ball, location: 2F 1-1: Ground out 6-3 (Groundball, 6, EV 89.4 MPH)
|
Batting: RHB Terry Oetker
|
0-0: Ball 1-0: Foul Ball, location: 2F 1-1: Ground out 6-3 (Groundball, 6, EV 83.1 MPH)
|
Top of the 3rd over - 0 runs, 0 hits, 0 errors, 0 left on base; University of Georgia 1 - California State University at Fullerton 6 |
BOTTOM OF THE 3RD |
California State University at Fullerton Titans batting - Pitching for University of Georgia Bulldogs : RHP Angel Bermudez
|
Batting: LHB Walt van der Rest
|
0-0: Foul Ball, location: 2F 0-1: SINGLE (Groundball, 4MD, EV 94.4 MPH)
|
Batting: SHB Albert Cruz
|
0-0: Called Strike 0-1: SINGLE (Groundball, 56D, EV 96.2 MPH) Walt van der Rest to second
|
Batting: LHB Zachery Ballard
|
0-0: Foul Ball, location: 2F 0-1: DOUBLE (Line Drive, 89XD, EV 106.2 MPH) Walt van der Rest scores Albert Cruz to third
|
Batting: LHB Wing-tat Tai
|
0-0: Ball 1-0: Ball 2-0: Ball 3-0: Called Strike 3-1: Base on Balls
|
Batting: RHB Wan-ling Zhu
|
0-0: Called Strike 0-1: GRAND SLAM HOME RUN (Line Drive, 78XD, EV 115.6 MPH), Distance : 443 ft
|
Pitching: RHP Franklin Pabon
|
|
Batting: LHB Mike Fielden
|
0-0: Ball 1-0: Ball 2-0: Ball 3-0: Base on Balls
|
Batting: LHB George Last
|
0-0: Ball 1-0: Ball 2-0: SINGLE (Groundball, 56D, EV 108.8 MPH) (infield hit) Mike Fielden to second
|
Batting: LHB Xue-liang Zhou
|
0-0: Called Strike 0-1: Ball 1-1: SINGLE (Groundball, 6MD, EV 100.0 MPH) Mike Fielden to third George Last to second Runner from 3rd tries for Home, SAFE, throw by CF to home
|
Batting: SHB Dave Ramirez
|
0-0: Foul Ball, location: 2F 0-1: Foul Ball, location: 2F 0-2: Strikes out swinging
|
Batting: LHB Walt van der Rest
|
0-0: Ball 1-0: Called Strike 1-1: Ground out 6-3 (Groundball, 6M, EV 81.9 MPH) George Last to third Xue-liang Zhou to second
|
Batting: SHB Albert Cruz
|
0-0: Swinging Strike 0-1: SINGLE (Groundball, 4, EV 100.0 MPH) George Last scores Xue-liang Zhou to third Runner from 3rd tries for Home, SAFE, throw by CF to home Albert Cruz to second
|
Batting: LHB Zachery Ballard
|
0-0: Ball 1-0: Called Strike 1-1: Foul Ball, location: 2F 1-2: Ground out 6-3 (Groundball, 6M, EV 86.2 MPH)
|
Bottom of the 3rd over - 8 runs, 7 hits, 0 errors, 1 left on base; University of Georgia 1 - California State University at Fullerton 14 |
TOP OF THE 4TH |
University of Georgia Bulldogs batting - Pitching for California State University at Fullerton Titans : LHP Antonio Velazquez
|
Batting: LHB Justin Daley
|
0-0: Fly out, F5 (Popup, 5SF, EV 83.1 MPH)
|
Batting: RHB Homer Petropoulos
|
0-0: Foul Ball, location: 2F 0-1: SINGLE (Groundball, 6MD, EV 94.4 MPH)
|
Batting: RHB Armando Ramirez
|
0-0: Foul Ball, location: 2F 0-1: Ball 1-1: Called Strike 1-2: Grounds into double play, 6-4-3 (Groundball, 6, EV 101.2 MPH)
|
Top of the 4th over - 0 runs, 1 hit, 0 errors, 0 left on base; University of Georgia 1 - California State University at Fullerton 14 |
BOTTOM OF THE 4TH |
California State University at Fullerton Titans batting - Pitching for University of Georgia Bulldogs : RHP Franklin Pabon
|
Batting: LHB Wing-tat Tai
|
0-0: SINGLE (Groundball, 23, EV 70.0 MPH) (infield hit)
|
Pinch Hitting: RHB Andy Zamora
|
0-0: Ball 1-0: Ball 2-0: Foul Ball, location: 2F 2-1: Ball 3-1: Base on Balls Wing-tat Tai to second
|
Pinch Hitting: RHB Guillermo Arredondo
|
0-0: Ball 1-0: Ball 2-0: Called Strike 2-1: Swinging Strike 2-2: Strikes out swinging
|
Batting: LHB George Last
|
0-0: Called Strike 0-1: Ball 1-1: Called Strike 1-2: Ball 2-2: Foul Ball, location: 2F 2-2: Strikes out swinging
|
Batting: LHB Xue-liang Zhou
|
0-0: Called Strike 0-1: Ball 1-1: Swinging Strike 1-2: 3-RUN HOME RUN (Flyball, 89XD, EV 106.2 MPH), Distance : 419 ft
|
Pitching: LHP Matt Chamberlain
|
|
Batting: SHB Dave Ramirez
|
0-0: Ball 1-0: Ball 2-0: Called Strike 2-1: Reached on error, E6 (Groundball, 6, EV 79.4 MPH)
|
Pinch Hitting: LHB Newt Peper
|
0-0: Ball 1-0: Ball 2-0: Called Strike 2-1: SINGLE (Line Drive, 6D, EV 101.9 MPH) Dave Ramirez to second
|
Batting: SHB Albert Cruz
|
0-0: Called Strike 0-1: Foul Ball, location: 2F 0-2: Ball 1-2: Strikes out looking
|
Bottom of the 4th over - 3 runs, 3 hits, 1 error, 2 left on base; University of Georgia 1 - California State University at Fullerton 17 |
TOP OF THE 5TH |
University of Georgia Bulldogs batting - Pitching for California State University at Fullerton Titans : LHP Antonio Velazquez
|
Pitching: RHP Joe Turner
|
|
Now at 2B: Guillermo Arredondo
|
|
Now at 3B: Newt Peper
|
|
Now in LF: Azeem bin Zuhair
|
|
Now in CF: Wing-tat Tai
|
|
Batting: RHB Jose Garibay
|
0-0: Ball 1-0: Ball 2-0: Ball 3-0: Called Strike 3-1: Base on Balls
|
Batting: RHB Luis Chavez
|
0-0: DOUBLE (Groundball, 5L, EV 105.6 MPH) Jose Garibay to third
|
Batting: LHB Jesus Huante
|
0-0: Reached on error, E6 (Groundball, 6M, EV 81.9 MPH) Jose Garibay scores Luis Chavez scores
|
Batting: RHB Ivan Barrientos
|
0-0: Ball 1-0: Ball 2-0: Ball 3-0: Base on Balls
|
Batting: RHB Pedro Gonzalez
|
0-0: Grounds into double play, 5-4-3 (Groundball, 5, EV 88.8 MPH) Jesus Huante to third
|
Batting: RHB Terry Oetker
|
0-0: Ball 1-0: Swinging Strike 1-1: Ball 2-1: Ground out 4-3 (Groundball, 4, EV 81.9 MPH)
|
Top of the 5th over - 2 runs, 1 hit, 1 error, 1 left on base; University of Georgia 3 - California State University at Fullerton 17 |
BOTTOM OF THE 5TH |
California State University at Fullerton Titans batting - Pitching for University of Georgia Bulldogs : LHP Matt Chamberlain
|
Batting: RHB Manny Olave
|
0-0: Ball 1-0: Called Strike 1-1: Fly out, F6 (Popup, 15S, EV 81.9 MPH)
|
Pinch Hitting: SHB Mulatu Adebayo
|
0-0: Ball 1-0: SINGLE (Line Drive, 4D, EV 106.2 MPH)
|
Batting: RHB Azeem bin Zuhair
|
0-0: Ball 1-0: Called Strike 1-1: Called Strike 1-2: Fly out, F9 (Flyball, 89M, EV 80.6 MPH)
|
Batting: RHB Guillermo Arredondo
|
0-0: Fly out, F9 (Flyball, 89D, EV 95.6 MPH)
|
Bottom of the 5th over - 0 runs, 1 hit, 0 errors, 1 left on base; University of Georgia 3 - California State University at Fullerton 17 |
TOP OF THE 6TH |
University of Georgia Bulldogs batting - Pitching for California State University at Fullerton Titans : RHP Joe Turner
|
Now in CF: Mulatu Adebayo
|
|
Batting: LHB Justin Daley
|
0-0: DOUBLE (Line Drive, 3D, EV 95.6 MPH)
|
Batting: RHB Homer Petropoulos
|
0-0: Ball 1-0: Fly out, F9 (Flyball, 9S, EV 84.4 MPH)
|
Batting: RHB Armando Ramirez
|
0-0: Ball 1-0: Fly out, F7 (Flyball, 7LM, EV 90.6 MPH)
|
Batting: RHB Jose Garibay
|
0-0: Called Strike 0-1: Swinging Strike 0-2: Foul Ball, location: 2F 0-2: Foul Ball, location: 2F 0-2: Strikes out swinging
|
Top of the 6th over - 0 runs, 1 hit, 0 errors, 1 left on base; University of Georgia 3 - California State University at Fullerton 17 |
BOTTOM OF THE 6TH |
California State University at Fullerton Titans batting - Pitching for University of Georgia Bulldogs : LHP Matt Chamberlain
|
Pinch Hitting: LHB Clyde Irving
|
0-0: Ball 1-0: Ball 2-0: Called Strike 2-1: Ball 3-1: Swinging Strike 3-2: Fly out, F8 (Flyball, 8RM, EV 89.4 MPH)
|
Batting: LHB Xue-liang Zhou
|
0-0: Ball 1-0: SINGLE (Line Drive, 4D, EV 102.5 MPH)
|
Pinch Hitting: RHB Oscar Ferrer
|
0-0: Ball 1-0: Ball 2-0: Swinging Strike 2-1: Fielders Choice at 2nd, 1-4 (Groundball, 15S, EV 70.0 MPH)
|
Now at 2B: Patrick Pinault
|
|
Batting: LHB Newt Peper
|
0-0: Ball 1-0: Foul Ball, location: 2F 1-1: Swinging Strike 1-2: Ball 2-2: Ground out U3 (Groundball, 13, EV 78.1 MPH)
|
Bottom of the 6th over - 0 runs, 1 hit, 0 errors, 1 left on base; University of Georgia 3 - California State University at Fullerton 17 |
TOP OF THE 7TH |
University of Georgia Bulldogs batting - Pitching for California State University at Fullerton Titans : RHP Joe Turner
|
Now at SS: Oscar Ferrer
|
|
Now in RF: Clyde Irving
|
|
Pinch Hitting: SHB Zack Flater
|
0-0: Called Strike 0-1: Ball 1-1: Swinging Strike 1-2: Foul Ball, location: 2F 1-2: Strikes out swinging
|
Batting: LHB Jesus Huante
|
0-0: Fly out, F9 (Flyball, 89M, EV 80.0 MPH)
|
Pinch Hitting: LHB Mitsujiro Tanaka
|
0-0: Ball 1-0: Called Strike 1-1: Foul Ball, location: 2F 1-2: Ball 2-2: Ball 3-2: Fly out, F7 (Flyball, 78S, EV 94.4 MPH)
|
Top of the 7th over - 0 runs, 0 hits, 0 errors, 0 left on base; University of Georgia 3 - California State University at Fullerton 17 |
BOTTOM OF THE 7TH |
California State University at Fullerton Titans batting - Pitching for University of Georgia Bulldogs : LHP Matt Chamberlain
|
Now at 2B: Hector Quiroz
|
|
Now in CF: Zack Flater
|
|
Batting: SHB Albert Cruz
|
0-0: Ball 1-0: Ball 2-0: Ball 3-0: Called Strike 3-1: Foul Ball, location: 2F 3-2: Foul Ball, location: 2F 3-2: Ground out 5-3 (Groundball, 5, EV 90.6 MPH)
|
Batting: RHB Manny Olave
|
0-0: Ground out 5-3 (Groundball, 5, EV 90.6 MPH)
|
Batting: SHB Mulatu Adebayo
|
0-0: Ball 1-0: Ball 2-0: Foul Ball, location: 2F 2-1: Fly out, F5 (Popup, 5SF, EV 85.0 MPH)
|
Bottom of the 7th over - 0 runs, 0 hits, 0 errors, 0 left on base; University of Georgia 3 - California State University at Fullerton 17 |
TOP OF THE 8TH |
University of Georgia Bulldogs batting - Pitching for California State University at Fullerton Titans : RHP Joe Turner
|
Pinch Hitting: RHB Jeff Floyd
|
0-0: Called Strike 0-1: Ball 1-1: Ball 2-1: Foul Ball, location: 2F 2-2: Fly out, F7 (Flyball, 7D, EV 109.4 MPH)
|
Batting: LHB William Pena
|
0-0: Called Strike 0-1: Ball 1-1: Ball 2-1: Foul Ball, location: 2F 2-2: SINGLE (Flyball, 7S, EV 85.6 MPH)
|
Batting: LHB Justin Daley
|
0-0: DOUBLE (Line Drive, 7LM, EV 98.1 MPH) William Pena to third Runner from 3rd tries for Home, SAFE, no throw by LF
|
Pinch Hitting: RHB Jesus Alaniz
|
0-0: Called Strike 0-1: Ball 1-1: 2-RUN HOME RUN (Flyball, 78XD, EV 115.6 MPH), Distance : 450 ft
|
Pinch Hitting: LHB Antonio Razo
|
0-0: Hit by Pitch
|
Pitching: RHP Jaden Johnson
|
|
Batting: RHB Jose Garibay
|
0-0: Ball 1-0: Called Strike 1-1: Fly out, F8 (Line Drive, 8LD, EV 89.4 MPH)
|
Batting: SHB Zack Flater
|
0-0: Ball 1-0: SINGLE (Groundball, 4MD, EV 102.5 MPH) Antonio Razo to second
|
Pinch Hitting: LHB Danny Salas
|
0-0: 3-RUN HOME RUN (Flyball, 9LD, EV 96.2 MPH), Distance : 343 ft
|
Batting: SHB Hector Quiroz
|
0-0: Ball 1-0: Called Strike 1-1: Called Strike 1-2: Ball 2-2: Hit by Pitch
|
Batting: RHB Jeff Floyd
|
0-0: Ball 1-0: Fielders Choice at 2nd, 5-4 (Groundball, 56, EV 91.9 MPH)
|
Top of the 8th over - 6 runs, 5 hits, 0 errors, 1 left on base; University of Georgia 9 - California State University at Fullerton 17 |
BOTTOM OF THE 8TH |
California State University at Fullerton Titans batting - Pitching for University of Georgia Bulldogs : LHP Matt Chamberlain
|
Now at 3B: Doug Makwangwala
|
|
Now at SS: Tsugio Yamaguchi
|
|
Now in LF: Antonio Razo
|
|
Now in CF: Jesus Alaniz
|
|
Now in RF: Zack Flater
|
|
Batting: RHB Azeem bin Zuhair
|
0-0: SINGLE (Groundball, 34, EV 99.4 MPH)
|
Batting: RHB Guillermo Arredondo
|
0-0: Ground out 5-3 (Groundball, 5S, EV 64.4 MPH) Azeem bin Zuhair to second
|
Batting: LHB Clyde Irving
|
0-0: Ball 1-0: Fly out, F8 (Flyball, 8RXD, EV 96.2 MPH) Runner from 2nd tags up, SAFE at 3rd, no throw by CF
|
Pinch Hitting: LHB Joshua Dingle
|
0-0: Called Strike 0-1: Foul Ball, location: 2F 0-2: Ball 1-2: Ball 2-2: Fly out, F9 (Line Drive, 9, EV 103.1 MPH)
|
Bottom of the 8th over - 0 runs, 1 hit, 0 errors, 1 left on base; University of Georgia 9 - California State University at Fullerton 17 |
TOP OF THE 9TH |
University of Georgia Bulldogs batting - Pitching for California State University at Fullerton Titans : RHP Jaden Johnson
|
Now at 1B: Joshua Dingle
|
|
Batting: LHB William Pena
|
0-0: Ground out 4-3 (Groundball, 4, EV 90.0 MPH)
|
Pinch Hitting: LHB Billy McKee
|
0-0: Ball 1-0: Foul Ball, location: 2F 1-1: Ground out 5-3 (Groundball, 5, EV 86.2 MPH)
|
Batting: RHB Jesus Alaniz
|
0-0: Ball 1-0: Called Strike 1-1: Called Strike 1-2: Ball 2-2: Ball 3-2: Fly out, F7 (Line Drive, 7, EV 90.0 MPH)
|
Top of the 9th over - 0 runs, 0 hits, 0 errors, 0 left on base; University of Georgia 9 - California State University at Fullerton 17 |
|